 Dungeon Crawl Stone Soup version 0.23-a0-61-g4bf3f6c (webtiles) character file.

4070 whiterapper the Basher (level 10, -6/84 HPs)
             Began as a Minotaur Gladiator on Aug 10, 2018.
             Was a Believer of Okawaru.
             Mangled by Grum
             ... wielding a +1 spear
              (16 damage)
             ... on level 9 of the Dungeon.
             The game lasted 00:19:56 (8761 turns).

whiterapper the Basher (Minotaur Gladiator)         Turns: 8761, Time: 00:19:57

Health: -6/84      AC:  7    Str: 20    XL:     10   Next: 5%
Magic:  9/9        EV: 14    Int: 11    God:    Okawaru [**....]
Gold:   470        SH:  0    Dex: 14    Spells: 9/9 levels left

rFire    . . .     SeeInvis +   z - +6 great mace "Mecrewk" {crush, MR+ Int+3 SInv}
rCold    + . .     Gourm    .   (shield currently unavailable)
rNeg     . . .     Faith    .   G - +0 ring mail
rPois    .         Spirit   .   c - +0 hat
rElec    .         Reflect  .   D - +0 cloak
rCorr    .         Harm     .   (no gloves)
MR       +....                  (no boots)
Stlth    +.........             (no amulet)
HPRegen  0.24/turn              k - +3 ring of intelligence
MPRegen  0.11/turn              q - ring of protection from cold

@: no status effects
A: retaliatory headbutt, horns 2
a: Heroism, Renounce Religion


You were on level 9 of the Dungeon.
You worshipped Okawaru.
Okawaru was pleased with you.
You were not hungry.

You visited 2 branches of the dungeon, and saw 10 of its levels.
You also visited: Ossuary.

You collected 589 gold pieces.
You spent 119 gold pieces at shops.

Inventory:

Hand Weapons
 z - the +6 great mace "Mecrewk" (weapon) {crush, MR+ Int+3 SInv}
   (You found it on level 5 of the Dungeon)

   It inflicts extra damage upon your enemies.
   It affects your intelligence (+3).
   It affects your resistance to hostile enchantments.
   It lets you see invisible.
 B - a +0 shortbow
Missiles
 d - 3 throwing nets (quivered)
 i - 117 arrows
Armour
 b - a +0 leather armour
 c - a +0 hat (worn)
 u - a -2 leather armour
 D - a +0 cloak (worn)
 G - a +0 ring mail (worn)
Jewellery
 k - a +3 ring of intelligence (left hand)
 o - an uncursed ring of stealth
 q - a ring of protection from cold (right hand)
 w - an uncursed amulet of the acrobat {unknown}
 I - a cursed -2 ring of strength {unknown}
Wands
 a - a wand of iceblast (7)
 r - a wand of polymorph (37)
 J - a wand of random effects (31)
 L - a wand of flame (18)
Scrolls
 g - 4 scrolls of amnesia
 j - 6 scrolls of remove curse
 l - 3 scrolls of enchant weapon
 m - 2 scrolls of fog
 n - 2 scrolls of enchant armour {unknown}
 p - 3 scrolls of magic mapping
 t - a scroll of immolation {unknown}
 y - 3 scrolls of blinking
 C - 3 scrolls of teleportation {unknown}
 F - 2 scrolls of acquirement {unknown}
 H - 2 scrolls of random uselessness {unknown}
 K - a scroll of identify
Potions
 e - a potion of invisibility
 h - a potion of resistance {unknown}
 s - a potion of flight {unknown}
 v - 2 potions of curing {unknown}
 x - a potion of cancellation
 A - 2 potions of might
 E - 2 potions of mutation {unknown}
Comestibles
 f - 22 rations


   Skills:
 + Level 6.5 Fighting
   Level 9.0 Long Blades
 * Level 11.0 Maces & Flails
 * Level 2.3 Bows
 - Level 2.0 Throwing
 + Level 5.7 Armour
 + Level 6.0 Dodging


You had 9 spell levels left.
You didn't know any spells.
Your spell library contained the following spells:

 Spells                   Type           Power        Failure   Level  Hunger
 Summon Small Mammal      Summ           #...         50%         1    ##.....
 Summon Ice Beast         Ice/Summ       #.......     99%         4    #####..
 Call Imp                 Summ           #.......     65%         2    ###....
 Call Canine Familiar     Summ           #.......     86%         3    ####...
 Summon Lightning Spire   Summ/Air       #.......     99%         4    #####..
 Summon Guardian Golem    Hex/Summ       #.......     86%         3    ####...


Dungeon Overview and Level Annotations

Branches:
Dungeon (9/15)             Temple (1/1) D:6
   Lair: D:8-11         Orc: D:9-12

Altars:
Ashenzari
Cheibriados
Dithmenos
Elyvilon
Fedhas
Gozag
Hepliaklqana
Makhleb
Nemelex Xobeh
Okawaru
Qazlal
Ru
Sif Muna
Trog
Uskayaw
Vehumet
Wu Jian
Xom
Yredelemnul
Zin
The Shining One

Shops:
D:4 (   D:6 *?=}   D:8 (

Annotations:
D:4 exclusion: statue
D:9 Grum


Innate Abilities, Weirdness & Mutations

You reflexively headbutt those who attack you in melee.
You have a pair of horns on your head.


Message History

You are too injured to fight recklessly!
You are too injured to fight recklessly!
You sock the wyvern!
You kill the wyvern!
Okawaru accepts your kill.
Your Maces & Flails skill increases to level 11!
Your Dodging skill increases to level 6!
Grum hits you from afar with an enchanted spear!
An orc wizard comes into view. It is wielding a dagger.
The orc wizard shouts!
Grum hits you with an enchanted spear!!
* * * LOW HITPOINT WARNING * * *
The orc wizard moves out of view.
Things that are here:
a wolf corpse x2
Okay, then.
You barely miss Grum. You headbutt Grum!
Grum is moderately wounded.
Grum hits you with an enchanted spear!
You die...

#####..### #......#
#......# #......##
#.......##### #
#.......##.. .#
#........#.###..##
........#.#.#.....#
.........#...@g#
.............†.....#
##########..####..#
##.# ..# #.. . ##.#
.# .#


You could see Grum.

Vanquished Creatures
  A deep elf mage (D:9)
  Joseph (D:7)
  Grinder (D:3)
  Prince Ribbit (D:5)
  2 wyverns (D:9)
  An ice beast (D:8)
  An ogre (D:8)
  2 phantoms
  3 wolves (D:9)
  2 centaurs
  An elf zombie (Ossuary)
  Blork the orc (D:6)
  A bullfrog (D:9)
  2 big kobolds
  A scorpion (D:5)
  4 crimson imps
  A human zombie (Ossuary)
  Crazy Yiuf (D:7)
  2 quasits
  3 bullfrog skeletons
  A centaur zombie (D:7)
  4 orc priests
  A centaur skeleton (D:4)
  5 hounds
  A jelly (D:6)
  An iguana (D:5)
  6 orc wizards
  Natasha (thrice) (D:2)
  4 worker ants
  A hound zombie (D:6)
  4 mummies (Ossuary)
  4 gnolls (D:5)
  13 adders
  A shadow imp (D:8)
  3 oozes (D:3)
  2 adder zombies
  An adder skeleton (D:5)
  3 worms (D:3)
  A dart slug (D:2)
  A leopard gecko (D:6)
  25 orcs
  6 bats
  4 giant cockroaches
  2 gnoll zombies (Ossuary)
  9 goblins
  8 hobgoblins
  21 jackals
  5 quokkas
  A ball python (D:4)
  3 frilled lizards
  3 goblin zombies (Ossuary)
  A hobgoblin zombie (Ossuary)
  7 kobolds
  2 quokka skeletons
  A quokka zombie (D:5)
  6 rats
  3 rat zombies (Ossuary)
199 creatures vanquished.

Vanquished Creatures (others)
  A quokka (D:3)
1 creature vanquished.

Grand Total: 200 creatures vanquished

Notes
Turn   | Place    | Note
-------+----------+-------------------------------------------
     0 | D:1      | whiterapper the Minotaur Gladiator began the quest for the Orb.
     0 | D:1      | Reached XP level 1. HP: 18/18 MP: 0/0
    55 | D:1      | Reached XP level 2. HP: 24/25 MP: 1/1
   694 | D:2      | Reached XP level 3. HP: 30/30 MP: 2/2
   788 | D:2      | Reached skill level 5 in Long Blades
  1179 | D:2      | Reached XP level 4. HP: 7/37 MP: 3/3
  1480 | D:2      | Noticed Natasha
  1485 | D:2      | Killed Natasha
  1485 | D:2      | Reached skill level 1 in Armour
  1611 | D:2      | Noticed Natasha
  1627 | D:2      | Killed Natasha
  1627 | D:2      | Reached XP level 5. HP: 29/45 MP: 4/4
  1776 | D:2      | Noticed Natasha
  1789 | D:2      | Killed Natasha
  2105 | D:3      | Found a white marble altar of Elyvilon.
  2335 | D:3      | Noticed Grinder
  2356 | D:3      | Killed Grinder
  2356 | D:3      | Reached XP level 6. HP: 25/52 MP: 5/5
  3287 | D:3      | Found an opulent altar of Gozag.
  3292 | D:3      | Found a shimmering altar of Xom.
  3292 | D:3      | Found a deep blue altar of Sif Muna.
  3378 | D:4      | Reached XP level 7. HP: 12/58 MP: 6/6
  3642 | D:4      | Found Suuvej's Weapon Shoppe.
  4404 | D:4      | Found a radiant altar of Vehumet.
  4745 | D:5      | Entered Level 5 of the Dungeon
  4791 | D:5      | Got a steaming great mace
  4792 | D:5      | Identified the +6 great mace "Mecrewk" {crush, MR+ Int+3 SInv} (You found it on level 5 of the Dungeon)
  4818 | D:5      | Reached skill level 5 in Dodging
  4908 | D:5      | Noticed Prince Ribbit
  4927 | D:5      | Killed Prince Ribbit
  4927 | D:5      | Reached skill level 5 in Fighting
  4927 | D:5      | Reached skill level 2 in Maces & Flails
  4927 | D:5      | Reached XP level 8. HP: 21/68 MP: 7/7
  4942 | D:5      | Reached skill level 3 in Maces & Flails
  4985 | D:5      | Found a sand-covered staircase.
  5012 | Ossuary  | Entered an ossuary
  5036 | Ossuary  | Reached skill level 4 in Maces & Flails
  5734 | D:5      | Reached skill level 5 in Maces & Flails
  5783 | D:5      | Found an ornate altar of the Wu Jian Council.
  5902 | D:6      | Found Ucseegaops's Gadget Boutique.
  5927 | D:6      | Reached skill level 6 in Maces & Flails
  6093 | D:6      | Found Pateovac's Magic Scroll Shop.
  6107 | D:6      | Bought a scroll of magic mapping for 49 gold pieces
  6107 | D:6      | Bought a scroll of noise for 14 gold pieces
  6107 | D:6      | Bought a scroll of identify for 28 gold pieces
  6107 | D:6      | Bought a scroll of identify for 28 gold pieces
  6160 | D:6      | Noticed Blork the orc
  6167 | D:6      | Killed Blork the orc
  6173 | D:6      | HP: 2/69 [orc wizard/puff of frost (3)]
  6200 | D:6      | Reached skill level 7 in Maces & Flails
  6436 | D:6      | Found Uvuwecuh's Jewellery Shoppe.
  6461 | D:6      | Found a staircase to the Ecumenical Temple.
  6502 | D:6      | Found Mahiomn's Assorted Antiques.
  6531 | Temple   | Entered the Ecumenical Temple
  6569 | Temple   | Became a worshipper of Warmaster Okawaru
  6677 | D:6      | Found a bloodstained altar of Trog.
  6995 | D:7      | Found a runed door.
  6999 | D:7      | Noticed Crazy Yiuf
  7002 | D:7      | Killed Crazy Yiuf
  7193 | D:7      | Noticed Joseph
  7207 | D:7      | Killed Joseph
  7207 | D:7      | Reached * piety under Okawaru
  7207 | D:7      | Reached skill level 8 in Maces & Flails
  7207 | D:7      | Reached XP level 9. HP: 28/75 MP: 8/8
  7586 | D:7      | Found a white marble altar of Elyvilon.
  8051 | D:8      | Reached skill level 9 in Maces & Flails
  8051 | D:8      | Reached skill level 5 in Armour
  8073 | D:8      | Found Ypeduicaiff's Weapon Shoppe.
  8635 | D:9      | Noticed a deep elf mage
  8643 | D:9      | Killed a deep elf mage
  8643 | D:9      | Reached ** piety under Okawaru
  8643 | D:9      | Reached skill level 10 in Maces & Flails
  8643 | D:9      | Reached skill level 1 in Bows
  8753 | D:9      | Noticed Grum
  8757 | D:9      | Reached XP level 10. HP: 59/84 MP: 9/9
  8759 | D:9      | Reached skill level 11 in Maces & Flails
  8761 | D:9      | Mangled by Grum

Vault maps used:
D:1:      saegor_arrival_simple_e
D:2:      uniq_natasha
D:3:      grunt_temple_overflow_open, elyvilon_altar_4, first_ration,
          bh_walls_and_bars, uniq_grinder
D:4:      vehumet_statue, serial_shops, nicolae_shop_behind_doors
D:5:      marbit_many_paths, nicolae_ossuary_entry_ruins, uniq_prince_ribbit1
D:6:      bloody_trog, minmay_temple_entry_purple_smoke, serial_shops,
          nicolae_shop_waterfront, nicolae_shop_crystal, shop,
          kennysheep_little_box, uniq_blork_the_orc
D:7:      basic_altar, uniq_crazy_yiuf_cottage, uniq_joseph
D:8:      serial_shops, nicolae_shop_temple_entry_statues_fountains,
          blue_anna_alchemist
D:9:      lemuel_zombie_altar_kikubaaqudgha, uniq_erica, uniq_grum
Temple:   eino_temple_lava
Ossuary:  ossuary_minmay_tomb_2a

Skill      XL: |  1  2  3  4  5  6  7  8  9 10 |
---------------+-------------------------------+-----
Long Blades    | 4 5 7 9 |  9.0
Dodging        | 4 5 6 |  6.0
Fighting       | 3 5 6 |  6.5
Armour         | 1 2 3 4 5 |  5.7
Maces & Flails | 2 8 10 11 | 11.0
Bows           | 2 |  2.3
Throwing       | |  2.0

Action                   |  1- 3 |  4- 6 |  7- 9 | 10-12 || total
-------------------------+-------+-------+-------+-------++-------
Melee: Long sword        |    72 |   140 |    45 |       ||   257
       Headbutt          |     9 |    30 |    45 |     2 ||    86
       Great mace        |       |       |   198 |     3 ||   201
  Use: Scroll            |     3 |     1 |     7 |       ||    11
       Potion            |       |       |     6 |       ||     6
 Stab: Sleeping          |       |     5 |       |       ||     5
  Eat: Chunk             |     1 |     6 |     7 |       ||    14
       Ration            |       |       |     4 |       ||     4
Armor: Leather armour    |    13 |    20 |    36 |       ||    69
       Skin              |       |     8 |       |       ||     8
       Ring mail         |       |       |    34 |       ||    34
Dodge: Dodged            |    64 |    99 |   225 |       ||   388
       Rpst.: Long sword |    21 |    27 |     8 |       ||    56

Table legend:
 A = Non-vault XP
 B = Vault XP
 C = Vault XP percentage of total XP
 D = Non-vault monster count
 E = Vault monster count
 F = Vault count percentage of total count
 G = Total turns spent on level
                 A         B        C        D         E       F
            +---------+---------+-------+---------+---------+-------
      Total |    3911 |    1904 |  32.7 |     173 |      26 |  13.1
            +---------+---------+-------+---------+---------+-------
        D:1 |      40 |       0 |   0.0 |      24 |       0 |   0.0
        D:2 |     171 |      36 |  17.4 |      24 |       1 |   4.0
        D:3 |     167 |     286 |  63.1 |      32 |       1 |   3.0
        D:4 |     424 |       0 |   0.0 |      17 |       0 |   0.0
        D:5 |     527 |     268 |  33.7 |      24 |       1 |   4.0
        D:6 |     412 |      94 |  18.6 |      19 |       1 |   5.0
        D:7 |     310 |     540 |  63.5 |       9 |       2 |  18.2
        D:8 |     503 |      92 |  15.5 |      10 |       1 |   9.1
        D:9 |    1357 |     346 |  20.3 |      14 |       3 |  17.6
    Ossuary |       0 |     242 | 100.0 |       0 |      16 | 100.0
            +---------+---------+-------+---------+---------+-------
